AoeStats
← ANGELSK3956

Arena

510770925Analyzed
1v1 RM · 14h ago on Oct 2, 2026· 17m 14s· 2 players
Game mode
Random Map
Map size
Tiny (2 player)
Population
200
Speed
Normal
Resources
Standard
Victory
Conquest
Starting age
Dark Age
Ending age
Imperial Age
RankedLock teamsTeams togetherTeam positionsShared explorationLock speedFull tech treeHidden civsTurbo modeCheats
Victory
Defeat
🇮🇳 Jurchens · India
1120
+15
🇨🇳 Magyars · China
1102
-15
小飞
12:29 Feudal Age
14:19 Loom
16:53 Castle Age
15:01 Horse Collar
ANGELSK3956
10:37 Feudal Age
14:09 Castle Age
14:05 Scale Mail Armor
17:07 Forging
Connection lost

Rejoining the realm…

Still unreachable

The connection could not be restored.

Session expired

The server has moved on; the page needs a fresh start.